 Dungeon Crawl Stone Soup version 0.29.1 (webtiles) character file.

Game seed: 16407693191223015355

72337 sleeves the Gelid (level 15, -9/126 HPs)
             Began as a Ghoul Ice Elementalist on Sept 13, 2022.
             Was a High Priest of Sif Muna.
             Mangled by a very large slime creature (55 damage)
             ... on level 13 of the Dungeon.
             The game lasted 01:16:32 (36485 turns).

sleeves the Gelid (Ghoul Ice Elementalist)         Turns: 36485, Time: 01:16:33

Health: -9/126     AC: 21    Str: 14    XL:     15   Next: 39%
Magic:  5/28       EV: 13    Int: 22    God:    Sif Muna [*****.]
Gold:   1191       SH:  8    Dex: 18    Spells: 14/34 levels left

rFire   + + +      SeeInvis .   k - staff of cold
rCold   + + .      Faith    .   f - +2 buckler
rNeg    + + +      Spirit   .   Q - +2 ring mail {rF+}
rPois   ∞          Reflect  .   y - +0 helmet
rElec   .          Harm     .   (no cloak)
rCorr   .          Rampage  .   R - +1 pair of gloves {Dex+3}
Will    +....                   T - +0 pair of boots
Stlth   ++........              (no amulet)
HPRegen 0.00/turn               j - +6 ring of dexterity
MPRegen 0.21/turn               t - ring "Hohu" {rF++ Int+6}

@: ice-armoured, inhibited regen
A: claws 1, cold resistance 1, negative energy resistance 3, inhibited
regeneration, torment resistance 2, devour on kill
a: Renounce Religion, Channel Magic, Forget Spell, Divine Exegesis


You were on level 13 of the Dungeon.
You worshipped Sif Muna.
Sif Muna was extremely pleased with you.
You visited 4 branches of the dungeon, and saw 21 of its levels.
You also visited: Volcano.

You collected 2397 gold pieces.
You spent 1206 gold pieces at shops.

Inventory:

Hand Weapons
 A - a +4 scimitar of flaming
   (You took it off Erica on level 9 of the Dungeon)
 U - a +3 trident of flaming
   (You found it on level 5 of the Lair of Beasts)
Armour
 f - a +2 buckler (worn)
   (You found it on level 5 of the Dungeon)
 i - the +0 helmet of a volcano {Will- rCorr Int+6}
   (You found it on level 5 of the Lair of Beasts)

   Int:       It affects your intelligence (+6).
   rCorr:     It protects you from acid and corrosion.
   Will:      It decreases your willpower.
 y - a +0 helmet (worn)
   (You took it off Robin on level 3 of the Dungeon)
 E - a +2 robe of cold resistance
   (You found it on level 6 of the Dungeon)
 L - a scarf of harm
   (You found it on level 8 of the Dungeon)
 Q - a +2 ring mail of fire resistance (worn)
   (You found it in a volcano)
 R - a +1 pair of gloves of dexterity (worn)
   (You bought it in a shop on level 2 of the Orcish Mines)
 T - a +0 pair of boots (worn)
   (You found it on level 4 of the Lair of Beasts)
Magical Staves
 k - a staff of cold (weapon)
   (You found it on level 1 of the Dungeon)
 p - a staff of earth
   (You found it on level 9 of the Dungeon)
 J - a staff of conjuration
   (You took it off an orc wizard on level 8 of the Dungeon)
Jewellery
 g - an amulet of guardian spirit
   (You found it on level 1 of the Dungeon)
 j - a +6 ring of dexterity (left hand)
   (You found it on level 1 of the Dungeon)
 s - a ring of see invisible
   (You found it on level 4 of the Dungeon)
 t - the ring "Hohu" (right hand) {rF++ Int+6}
   (You bought it in a shop on level 12 of the Dungeon)

   [ring of intelligence]

   Int:       It affects your intelligence (+6).
   rF:        It greatly protects you from fire.
 C - a ring of resist corrosion
   (You found it on level 9 of the Dungeon)
Wands
 w - a wand of paralysis (11)
   (You took it off Ijyb on level 3 of the Dungeon)
 I - a wand of flame (26)
   (You found it on level 8 of the Dungeon)
 V - a wand of roots (4)
   (You found it on level 13 of the Dungeon)
Scrolls
 a - 4 scrolls of enchant armour
 h - 4 scrolls of amnesia
 m - 3 scrolls of vulnerability
 n - a scroll of silence
 o - 4 scrolls of enchant weapon
 q - 2 scrolls of butterflies
 r - 8 scrolls of teleportation
 x - 3 scrolls of blinking
 B - 6 scrolls of poison
 D - 4 scrolls of immolation
 F - 6 scrolls of magic mapping
 G - 9 scrolls of identify
 H - 2 scrolls of fear
 O - a scroll of brand weapon
Potions
 b - a potion of magic
 c - 4 potions of invisibility
 d - 6 potions of haste
 e - 7 potions of attraction
 l - 4 potions of heal wounds
 u - a potion of ambrosia
 v - 10 potions of curing
 z - 3 potions of cancellation
 K - 4 potions of might
 P - a potion of resistance
 S - a potion of flight
Miscellaneous
 M - a condenser vane
   (You found it on level 2 of the Lair of Beasts)
 N - a phantom mirror (inert)
   (You found it on level 1 of the Lair of Beasts)


   Skills:
 - Level 10.0 Fighting
 + Level 5.1 Armour
 + Level 5.5 Dodging
 - Level 2.1 Stealth
 - Level 5.0 Shields
 - Level 10.0 Spellcasting
 - Level 10.0 Conjurations
 - Level 5.0 Translocations
 - Level 15.0 Ice Magic
 - Level 5.0 Earth Magic
 + Level 9.2 Invocations


You had 14 spell levels left.
You knew the following spells:

 Your Spells              Type           Power      Damage    Failure   Level
a - Freeze                Ice            100%       1d11      1%          1
b - Frozen Ramparts       Ice            100%       1d16      1%          3
c - Hailstorm             Conj/Ice       78%        3d16      1%          4
d - Stone Arrow           Conj/Erth      88%        3d12      1%          3
e - Ozocubu's Armour      Ice            86%        N/A       1%          3
f - Summon Ice Beast      Ice/Summ       60%        N/A       7%          4
g - Blink                 Tloc           66%        N/A       2%          2

Your spell library contained the following spells:

 Spells                   Type           Power      Damage    Failure   Level
 Apportation              Tloc           66%        N/A       1%          1
 Sandblast                Erth           66%        2d15      1%          1
 Static Discharge         Conj/Air       33%        3-8/arc   2%          2
 Dazzling Flash           Conj/Hex       66%        N/A       5%          3
 Gell's Gravitas          Tloc           33%        N/A       5%          3
 Lesser Beckoning         Tloc           33%        N/A       5%          3
 Teleport Other           Tloc           33%        N/A       5%          3
 Passwall                 Tmut/Erth      18%        N/A       8%          2
 Portal Projectile        Hex/Tloc       44%        N/A       16%         3
 Fulminant Prism          Conj/Hex       16%        3d11      19%         4
 Passage of Golubria      Tloc           33%        N/A       19%         4
 Sticky Flame             Conj/Fire      33%        2d5       19%         4
 Poisonous Vapours        Pois/Air       22%        N/A       22%         2
 Summon Guardian Golem    Hex/Summ       11%        N/A       41%         3
 Tukima's Dance           Hex            11%        N/A       41%         3
 Leda's Liquefaction      Hex/Erth       11%        N/A       45%         4
 Manifold Assault         Tloc           33%        N/A       45%         5
 Simulacrum               Ice/Necr       30%        N/A       71%         6
 Airstrike                Air            5%         2d(1-17)  82%         4
 Cause Fear               Hex            5%         N/A       82%         4
 Dispel Undead            Necr           11%        3d9       82%         4
 Summon Lightning Spire   Summ/Air       11%        N/A       82%         4
 Conjure Ball Lightning   Conj/Air       16%        3x3d6     96%         6
 Agony                    Necr           11%        N/A       99%         5
 Alistair's Intoxication  Tmut/Pois      7%         N/A       99%         5
 Silence                  Hex/Air        5%         N/A       99%         5
 Yara's Violent Unravell  Hex/Tmut       5%         3d4       99%         5
 Haunt                    Necr/Summ      5%         N/A       100%        7
 Discord                  Hex            5%         N/A       100%        8
 Disjunction              Tloc           16%        N/A       100%        8


Dungeon Overview and Level Annotations

Branches:
Dungeon (13/15)            Temple (1/1) D:7            Lair (5/5) D:8
  Swamp (0/4) Lair:3       Spider (0/4) Lair:2        Slime (0/5) Lair:4
    Orc (2/2) D:11            Elf (0/3) Orc:2        Vaults (0/5) D:13
Volcano (visited)

Altars:
Ashenzari
Cheibriados
Dithmenos
Fedhas
Gozag
Hepliaklqana
Kikubaaqudgha
Makhleb
Nemelex Xobeh
Okawaru
Qazlal
Ru
Sif Muna
Trog
Uskayaw
Vehumet
Wu Jian
Xom
Yredelemnul
Jiyva

Shops:
D:12 [=*   Orc:2 *([?

Annotations:
D:5 exclusion: white imp
D:9 Pikel
D:13 Rupert


Innate Abilities, Weirdness & Mutations

You are immune to poison.
You have sharp fingernails.
Your flesh is cold resistant. (rC+)
You are immune to negative energy. (rN+++)
You do not regenerate when monsters are visible.
You are immune to unholy pain and torment.
You thrive by killing the living.


Message History

You hit the boulder beetle but do no damage.
The boulder beetle is severely wounded.
The wall freezes the boulder beetle!
The boulder beetle completely misses you.
You hit the boulder beetle but do no damage.
You freeze the boulder beetle.
The boulder beetle is almost dead.
The wall freezes the boulder beetle!
You kill the boulder beetle!
Sif Muna accepts your kill.
Your Armour skill increases to level 4!
The frozen ramparts melt away.
Your icy armour starts to melt.
Your icy armour evaporates.
o - 4 scrolls of enchant weapon (gained 1)
You now have 1157 gold pieces (gained 13).
You open the door.
A redback comes into view.
A redback is nearby!
A redback is nearby!
A redback is nearby!
Casting: Stone Arrow (safe; 1% risk of failure)
Confirm with . or Enter, or press ? or * to list all spells.
Casting: Frozen Ramparts (safe; 1% risk of failure)
Press: ? - help, Dir - look around, f - activate You feel a surge of power!
The walls around you are covered in ice.
The wall freezes the redback!
The stone arrow misses the redback.
The wall freezes the redback!
The redback barely misses you.
The wall freezes the redback.
You block the redback's attack.
You hit the redback.
The redback is almost dead.
The wall freezes the redback!
You kill the redback!
Sif Muna accepts your kill.
The frozen ramparts melt away.
A centaur warrior comes into view.
A centaur warrior is nearby!
A centaur warrior is nearby!
The centaur warrior misses you.
The centaur warrior kicks you but does no damage.
The centaur warrior barely misses you. x2
Casting: Stone Arrow (safe; 1% risk of failure)
Confirm with . or Enter, or press ? or * to list all spells.
You feel a surge of power! A film of ice covers your body!
The centaur warrior hits you but does no damage.
The centaur warrior completely misses you.
Casting: Ozocubu's Armour (safe; 1% risk of failure)
Confirm with . or Enter, or press ? or * to list all spells.
Casting: Frozen Ramparts (safe; 1% risk of failure)
Press: ? - help, Dir - look around, f - activate You feel a surge of power!
The walls around you are covered in ice.
The wall freezes the vampire mosquito!
The wall freezes the centaur warrior.
You block the centaur warrior's attack.
The centaur warrior kicks you but does no damage.
The wall freezes the vampire mosquito but does no damage.
The wall freezes the centaur warrior!
The centaur warrior hits you but does no damage.
The centaur warrior completely misses you.
You closely miss the centaur warrior.
The centaur warrior is moderately wounded.
The wall freezes the vampire mosquito.
You block the vampire mosquito's attack.
The wall freezes the vampire mosquito.
The vampire mosquito bites you but does no damage.
The wall freezes the centaur warrior.
The centaur warrior hits you but does no damage.
The centaur warrior kicks you but does no damage.
The wall freezes the vampire mosquito.
The vampire mosquito bites you.
You closely miss the vampire mosquito.
The vampire mosquito is heavily damaged.
The wall freezes the centaur warrior!
The centaur warrior misses you. The centaur warrior kicks you.
The wall freezes the vampire mosquito!
The vampire mosquito misses you.
The wall freezes the centaur warrior.
The centaur warrior hits you but does no damage.
You block the centaur warrior's attack.
The wall freezes the vampire mosquito.
The vampire mosquito bites you but does no damage.
You hit the vampire mosquito. You freeze the vampire mosquito!
You destroy the vampire mosquito!
Sif Muna accepts your kill.
The wall freezes the centaur warrior.
You block the centaur warrior's attack. x2
The wall freezes the centaur warrior but does no damage.
The centaur warrior hits you but does no damage.
The centaur warrior kicks you.
You closely miss the centaur warrior.
The centaur warrior is heavily wounded.
The wall freezes the centaur warrior!
The centaur warrior hits you but does no damage.
The centaur warrior kicks you but does no damage.
The wall freezes the centaur warrior.
The centaur warrior drinks a potion.
The centaur warrior is healed!
You hit the centaur warrior but do no damage.
You freeze the centaur warrior!
The centaur warrior is heavily wounded.
The wall freezes the centaur warrior but does no damage.
You block the centaur warrior's attack.
The centaur warrior kicks you but does no damage.
The wall freezes the centaur warrior!
The centaur warrior hits you but does no damage.
The centaur warrior kicks you.
You barely miss the centaur warrior.
The centaur warrior is severely wounded.
The wall freezes the centaur warrior!
You block the centaur warrior's attack.
The centaur warrior kicks you but does no damage.
The wall freezes the centaur warrior!
The centaur warrior hits you but does no damage.
The centaur warrior kicks you but does no damage.
You hit the centaur warrior but do no damage.
You freeze the centaur warrior!
You kill the centaur warrior!
Sif Muna accepts your kill.
No target in view!
The frozen ramparts melt away.
Your icy armour starts to melt.
HP restored.
Your icy armour cracks and falls away as you move.
r - 9 scrolls of teleportation (gained 1)
You now have 1191 gold pieces (gained 34).
You see here a +0 shortbow.
There is an open door here.
You open the door.
There is an open door here.
v - 10 potions of curing (gained 1)
There is an open door here.
There is an open door here.
An orc wizard comes into view. It is wielding a +0 dagger.
Found 2 potions of lignification.
An orc wizard is nearby!
An orc wizard is nearby!
An orc wizard is nearby!
You block the orc wizard's attack.
You closely miss the orc wizard.
The orc wizard gestures at you while chanting.
The puff of flame misses you.
You hit the orc wizard.
The orc wizard is lightly wounded.
The orc wizard hits you but does no damage. x2
You hit the orc wizard. You freeze the orc wizard!
You kill the orc wizard!
Sif Muna accepts your kill.
No target in view!
Things that are here:
a +0 dagger; a +0 robe A kobold demonologist comes into view.
It is wielding a +0 dagger.
The kobold demonologist shouts!
A kobold demonologist is nearby!
A kobold demonologist is nearby!
Casting: Frozen Ramparts (safe; 1% risk of failure)
Confirm with . or Enter, or press ? or * to list all spells.
Casting: Frozen Ramparts (safe; 1% risk of failure)
Press: ? - help, Dir - look around, f - activate You feel a surge of power!
The walls around you are covered in ice.
The wall freezes the kobold demonologist!
You closely miss the kobold demonologist.
The kobold demonologist is moderately wounded.
The wall freezes the kobold demonologist!
The kobold demonologist hits you but does no damage.
You hit the kobold demonologist. You freeze the kobold demonologist.
The kobold demonologist is severely wounded.
The wall freezes the kobold demonologist.
The kobold demonologist hits you but does no damage.
You barely miss the kobold demonologist.
The kobold demonologist is severely wounded.
The wall freezes the kobold demonologist!
The kobold demonologist hits you but does no damage.
The wall freezes the kobold demonologist!
You kill the kobold demonologist!
Sif Muna accepts your kill.
No target in view!
The frozen ramparts melt away.
Found a ring mail.
m - 2 scrolls of vulnerability (gained 1)
G - 9 scrolls of identify (gained 1)
m - 3 scrolls of vulnerability (gained 1)
V - a wand of roots (4)
You open the door.
A centaur warrior and a white ugly thing come into view.
The white ugly thing gurgles horribly!
The centaur warrior shouts!
A white ugly thing opens the door.
Found 6 stones.
Unknown command.
Unknown command.
Unknown command.
The centaur warrior wields a +0 shortbow.
The centaur warrior shoots an arrow.
The arrow misses you.
There is an open door here.
The centaur warrior unwields a +0 shortbow.
The centaur warrior hits you but does no damage.
You block the centaur warrior's attack.
Casting: Frozen Ramparts (safe; 1% risk of failure)
Confirm with . or Enter, or press ? or * to list all spells.
You feel a surge of power! A film of ice covers your body!
The centaur warrior hits you but does no damage.
You block the centaur warrior's attack.
Casting: Ozocubu's Armour (safe; 1% risk of failure)
Confirm with . or Enter, or press ? or * to list all spells.
Casting: Frozen Ramparts (safe; 1% risk of failure)
Press: ? - help, Dir - look around, f - activate You feel a surge of power!
The walls around you are covered in ice.
The wall freezes the centaur warrior!
The centaur warrior hits you but does no damage.
The centaur warrior kicks you but does no damage.
The wall freezes the centaur warrior.
The centaur warrior hits you!
The centaur warrior kicks you but does no damage.
The white ugly thing resists.
The wall freezes the white ugly thing.
The wall freezes the centaur warrior.
You block the centaur warrior's attack. x2
The wall freezes the white ugly thing but does no damage.
The wall freezes the centaur warrior.
You block the centaur warrior's attack.
The centaur warrior kicks you but does no damage.
The white ugly thing resists.
The wall freezes the white ugly thing.
The wall freezes the centaur warrior.
The centaur warrior barely misses you.
The centaur warrior kicks you but does no damage.
The wall freezes the centaur warrior!
The centaur warrior hits you but does no damage.
You block the centaur warrior's attack.
The white ugly thing resists.
The wall freezes the white ugly thing.
The wall freezes the centaur warrior.
You block the centaur warrior's attack. x2
The wall freezes the white ugly thing but does no damage.
The wall freezes the centaur warrior!
You block the centaur warrior's attack. The centaur warrior barely misses you.
The wall freezes the centaur warrior!
The centaur warrior hits you but does no damage.
The centaur warrior kicks you but does no damage.
The white ugly thing completely resists.
The wall freezes the white ugly thing but does no damage.
The wall freezes the centaur warrior.
The centaur warrior closely misses you.
The centaur warrior kicks you but does no damage.
The white ugly thing resists.
The wall freezes the white ugly thing.
The wall freezes the centaur warrior!
You kill the centaur warrior!
Sif Muna accepts your kill.
The white ugly thing resists.
The wall freezes the white ugly thing.
The stone arrow hits the white ugly thing!!
The white ugly thing is severely wounded.
The white ugly thing resists.
The wall freezes the white ugly thing.
The white ugly thing bites you! The white ugly thing freezes you! You resist.
The stone arrow hits the white ugly thing!!
You kill the white ugly thing!
Sif Muna accepts your kill.
You feel better.
The frozen ramparts melt away.
Your icy armour starts to melt.
Your icy armour evaporates.
There is an open door here.
Key pressed, stopping explore.
A boulder beetle comes into view.
A boulder beetle is nearby!
Casting: Stone Arrow (safe; 1% risk of failure)
Confirm with . or Enter, or press ? or * to list all spells.
Casting: Frozen Ramparts (safe; 1% risk of failure)
Press: ? - help, Dir - look around, f - activate You feel a surge of power!
The walls around you are covered in ice.
The boulder beetle leaps!
Casting: Frozen Ramparts (safe; 1% risk of failure)
Confirm with . or Enter, or press ? or * to list all spells.
You feel a surge of power! A film of ice covers your body!
You can't see any susceptible monsters within range! (Use Z to cast anyway.) Unknown command.
The stone arrow hits the boulder beetle!
The boulder beetle is lightly wounded.
The stone arrow hits the boulder beetle!
The boulder beetle is moderately wounded.
The stone arrow hits the boulder beetle.
The boulder beetle is moderately wounded.
The wall freezes the boulder beetle but does no damage.
You hit the boulder beetle but do no damage.
You freeze the boulder beetle!
The boulder beetle is heavily wounded.
The wall freezes the boulder beetle but does no damage.
You block the boulder beetle's attack.
You barely miss the boulder beetle.
The boulder beetle is heavily wounded.
The wall freezes the boulder beetle.
The boulder beetle bites you but does no damage.
You hit the boulder beetle but do no damage.
The boulder beetle is heavily wounded.
The wall freezes the boulder beetle!
The boulder beetle bites you but does no damage.
You hit the boulder beetle but do no damage.
You freeze the boulder beetle!
The boulder beetle is severely wounded.
The wall freezes the boulder beetle!
The boulder beetle closely misses you.
You hit the boulder beetle but do no damage.
The boulder beetle is severely wounded.
The wall freezes the boulder beetle.
You block the boulder beetle's attack.
The wall freezes the boulder beetle but does no damage.
The boulder beetle bites you but does no damage.
You hit the boulder beetle but do no damage.
You freeze the boulder beetle.
The boulder beetle is almost dead.
The frozen ramparts melt away.
The boulder beetle leaps!
Your icy armour will break if you move.
Continue?
Okay, then.
You miscast Stone Arrow.
You are very lightly contaminated with residual magic.
Nothing appears to happen.
The boulder beetle curls into a ball and begins rolling!
The stone arrow hits the boulder beetle!
The boulder beetle is almost dead.
The stone arrow hits the boulder beetle but does no damage.
The boulder beetle is almost dead.
You block the boulder beetle's attack.
The boulder beetle stops rolling and uncurls.
The stone arrow hits the boulder beetle but does no damage.
The boulder beetle is almost dead.
* * * LOW MAGIC WARNING * * *
The boulder beetle bites you.
The stone arrow hits the boulder beetle!!
You kill the boulder beetle!
Sif Muna accepts your kill.
You feel better.
* * * LOW MAGIC WARNING * * *
Your Dodging skill increases to level 5!
Your magical contamination has completely faded away.
Your icy armour starts to melt.
Your icy armour evaporates.
Found an escape hatch in the ceiling.
Found an escape hatch in the floor.
A slime creature comes into view.
A slime creature is nearby!
A slime creature is nearby!
A slime creature comes into view.
The slime creature quivers.
You start waiting.
A slime creature is nearby!
Casting: Stone Arrow (safe; 1% risk of failure)
Confirm with . or Enter, or press ? or * to list all spells.
You feel a surge of power! A film of ice covers your body!
The slime creature hits you!
The stone arrow hits the slime creature!!
The slime creature is heavily wounded.
The slime creature hits you!
The stone arrow hits the slime creature!
The slime creature is severely wounded.
The slime creature hits you!
The stone arrow hits the slime creature!
The slime creature is almost dead.
The slime creature closely misses you.
The stone arrow hits the slime creature!!
You kill the slime creature!
Sif Muna accepts your kill.
You feel better.
Your icy armour starts to melt.
Your icy armour evaporates.
A human is nearby!
A human is nearby!
A human is nearby!
The human shouts!
The human drinks a potion.
The human seems to speed up.
The stone arrow hits the human!!
The human is almost dead.
The human throws a stone.
You block the stone.
The stone arrow misses the human.
The human throws a stone.
The stone barely misses you.
A human is nearby!
The stone arrow hits the human!
You kill the human!
Sif Muna accepts your kill.
HP restored.
A slime creature is nearby!
A slime creature is nearby!
A slime creature is nearby!
A slime creature is nearby!
The slime creature quivers.
You miscast Stone Arrow.
You are very lightly contaminated with residual magic.
Nothing appears to happen.
The slime creature misses you.
The stone arrow hits the slime creature!!
The slime creature is moderately wounded.
A slime creature comes into view.
The slime creature hits you but does no damage.
The stone arrow hits the slime creature!!
The slime creature is severely wounded.
Two slime creatures merge to form a large slime creature.
The large slime creature attacks as you move away!
The large slime creature hits you!
Casting: Stone Arrow (safe; 1% risk of failure)
Confirm with . or Enter, or press ? or * to list all spells.
You feel a surge of power! A film of ice covers your body!
A large slime creature splits.
Casting: Ozocubu's Armour (safe; 1% risk of failure)
Confirm with . or Enter, or press ? or * to list all spells.
Casting: Frozen Ramparts (safe; 1% risk of failure)
Press: ? - help, Dir - look around, f - activate You feel a surge of power!
The walls around you are covered in ice.
The wall freezes the slime creature.
The slime creature hits you but does no damage.
The slime creature closely misses you.
You hit the slime creature. You freeze the slime creature.
The slime creature is heavily wounded.
The wall freezes the slime creature.
The slime creature hits you.
The slime creature hits you but does no damage.
Your magical contamination has completely faded away.
Casting: Frozen Ramparts (safe; 1% risk of failure)
Confirm with . or Enter, or press ? or * to list all spells.
You don't know that spell.
Casting: Frozen Ramparts (safe; 1% risk of failure)
Confirm with . or Enter, or press ? or * to list all spells.
You don't know that spell.
You barely miss the slime creature.
The slime creature is heavily wounded.
The wall freezes the slime creature.
You block the slime creature's attack. The slime creature hits you.
You hit the slime creature but do no damage.
You freeze the slime creature!
The slime creature is severely wounded.
The wall freezes the slime creature!
The slime creature hits you.
The slime creature hits you but does no damage.
The wall freezes the slime creature!
You kill the slime creature!
Sif Muna accepts your kill.
You hit the slime creature.
The slime creature is moderately wounded.
You block the slime creature's attack.
You hit the slime creature. You freeze the slime creature!
The slime creature is heavily wounded.
The slime creature barely misses you. You block the slime creature's attack.
You hit the slime creature.
The slime creature is heavily wounded.
The slime creature hits you!
You hit the slime creature. You freeze the slime creature!
The slime creature is almost dead.
The slime creature hits you but does no damage.
You hit the slime creature. You freeze the slime creature.
The slime creature is almost dead.
You block the slime creature's attack.
You hit the slime creature.
The slime creature is almost dead.
The slime creature barely misses you.
You hit the slime creature.
The slime creature is almost dead.
The frozen ramparts melt away.
You block the slime creature's attack.
The slime creature hits you but does no damage.
You hit the slime creature. You freeze the slime creature!
You kill the slime creature!
Sif Muna accepts your kill.
You feel better.
Your icy armour starts to melt.
Your icy armour evaporates.
Magic restored.
Things that are here:
a +0 mace; 3 stones; a human corpse
l - 4 potions of heal wounds (gained 1) Key pressed, stopping explore. 3 meliai and a slime creature come into view.
Found a stone staircase leading down.
The meliai buzzes angrily.
The slime creature quivers.
A cyan ugly thing comes into view.
The slime creature moves out of view.
The cyan ugly thing moves out of view.
There are monsters nearby!
Casting: Frozen Ramparts (safe; 1% risk of failure)
Confirm with . or Enter, or press ? or * to list all spells.
Casting: Frozen Ramparts (safe; 1% risk of failure)
Press: ? - help, Dir - look around, f - activate You feel a surge of power!
The walls around you are covered in ice.
The wall freezes the meliai. x2
The wall freezes the meliai but does no damage. x2
You block the meliai's attack.
The meliai stings you but does no damage.
The wall freezes the meliai.
The meliai calls upon its god to heal the meliai.
The meliai's wounds heal themselves!
The wall freezes the meliai but does no damage.
Casting: Frozen Ramparts (safe; 1% risk of failure)
Confirm with . or Enter, or press ? or * to list all spells.
Casting: Hailstorm (mildly dangerous; 1% risk of failure)
Press: ? - help, Dir - look around, f - activate You feel a surge of power!
A cannonade of hail descends around you!
The hail pelts the meliai!
The meliai is heavily wounded.
The hail pelts the meliai!!
You kill the meliai!
Sif Muna accepts your kill.
The hail pelts the cyan ugly thing!!
The cyan ugly thing is moderately wounded.
The wall freezes the meliai. x2
The meliai calls upon its god to heal the meliai.
The meliai's wounds heal themselves!
The wall freezes the meliai. x2
The meliai hits you but does no damage.
The meliai stings you but does no damage.
The wall freezes the cyan ugly thing.
Casting: Hailstorm (mildly dangerous; 1% risk of failure)
Confirm with . or Enter, or press ? or * to list all spells.
You feel a surge of power! A film of ice covers your body!
The wall freezes the meliai.
The meliai hits you but does no damage.
The meliai stings you but does no damage.
The wall freezes the meliai.
You block the meliai's attack. The meliai barely misses you.
The wall freezes the cyan ugly thing!
The wall freezes the meliai.
You kill the meliai!
Sif Muna accepts your kill.
The wall freezes the meliai.
The meliai hits you but does no damage. The meliai misses you.
You hit the meliai. You freeze the meliai.
The meliai is moderately wounded.
The wall freezes the meliai but does no damage.
You block the meliai's attack.
The meliai stings you but does no damage.
The wall freezes the slime creature but does no damage.
The wall freezes the meliai.
The meliai hits you but does no damage.
The meliai stings you but does no damage.
The wall freezes the cyan ugly thing!
Casting: Ozocubu's Armour (safe; 1% risk of failure)
Confirm with . or Enter, or press ? or * to list all spells.
Aiming: Stone Arrow (safe; 1% risk of failure)
Press: ? - help, Shift-Dir - straight line, f - cyan ugly thing
Aim: a cyan ugly thing (severely wounded, 76% to hit)
The stone arrow hits the cyan ugly thing!
The cyan ugly thing is almost dead.
The wall freezes the meliai but does no damage.
You block the meliai's attack.
The meliai stings you but does no damage.
The wall freezes the slime creature.
The wall freezes the cyan ugly thing but does no damage.
The cyan ugly thing trunk-slaps you. The cyan ugly thing shocks you!
The wall freezes the meliai.
The meliai hits you but does no damage.
The meliai stings you but does no damage.
You hit the cyan ugly thing.
The cyan ugly thing is almost dead.
The wall freezes the meliai.
You block the meliai's attack.
The meliai stings you but does no damage.
The wall freezes the meliai.
The meliai barely misses you. The meliai closely misses you.
The wall freezes the slime creature!
The wall freezes the cyan ugly thing!
You kill the cyan ugly thing!
Sif Muna accepts your kill.
The wall freezes the meliai!
You block the meliai's attack. The meliai barely misses you.
The wall freezes the slime creature.
You closely miss the meliai.
The meliai is almost dead.
The wall freezes the meliai.
You kill the meliai!
Sif Muna accepts your kill.
The wall freezes the slime creature!
The slime creature hits you.
You hit the slime creature.
The slime creature is heavily wounded.
The wall freezes the slime creature!
You block the slime creature's attack.
You hit the slime creature.
The slime creature is severely wounded.
The wall freezes the slime creature.
The slime creature hits you but does no damage.
You hit the slime creature.
The slime creature is severely wounded.
The wall freezes the slime creature!
You block the slime creature's attack.
The wall freezes the slime creature but does no damage.
You block the slime creature's attack.
You barely miss the slime creature.
The slime creature is almost dead.
The wall freezes the slime creature!
You kill the slime creature!
Sif Muna accepts your kill.
No target in view!
The frozen ramparts melt away.
Your icy armour starts to melt.
Your icy armour evaporates.
Things that are here:
a +0 hand axe; a +0 robe; a meliai corpse
Things that are here:
a +0 hand axe; a +0 robe; a meliai corpse
Things that are here:
a +0 war axe; a +0 leather armour
There is an open door here.
Key pressed, stopping explore.
Key pressed, stopping explore.
You open the door.
A five-headed hydra, a manticore and a boulder beetle come into view.
Found a war axe.
There are monsters nearby!
There is an open door here.
Casting: Stone Arrow (safe; 1% risk of failure)
Confirm with . or Enter, or press ? or * to list all spells.
You feel a surge of power! A film of ice covers your body!
The boulder beetle closely misses you.
Casting: Ozocubu's Armour (safe; 1% risk of failure)
Confirm with . or Enter, or press ? or * to list all spells.
Casting: Frozen Ramparts (safe; 1% risk of failure)
Press: ? - help, Dir - look around, f - activate An open door.
You feel a surge of power!
The walls around you are covered in ice.
The wall freezes the five-headed hydra!
The wall freezes the boulder beetle!
You block the boulder beetle's attack.
Casting: Frozen Ramparts (safe; 1% risk of failure)
Confirm with . or Enter, or press ? or * to list all spells.
You don't know that spell.
Casting: Frozen Ramparts (safe; 1% risk of failure)
Confirm with . or Enter, or press ? or * to list all spells.
Aiming: Stone Arrow (safe; 1% risk of failure)
Press: ? - help, Shift-Dir - straight line, f - five-headed hydra
Aim: a five-headed hydra (lightly wounded, 92% to hit)
The stone arrow hits the five-headed hydra!!
The five-headed hydra is moderately wounded.
The wall freezes the five-headed hydra!
The wall freezes the boulder beetle.
The boulder beetle leaps!
Casting: Stone Arrow (safe; 1% risk of failure)
Confirm with . or Enter, or press ? or * to list all spells.
Aiming: Freeze (safe; 1% risk of failure)
Press: ? - help, Shift-Dir - straight line, f/p - five-headed hydra
Aim: a five-headed hydra (heavily wounded)
You feel a surge of power!
You freeze the five-headed hydra.
The five-headed hydra is heavily wounded.
The wall freezes the five-headed hydra.
The five-headed hydra barely misses you.
The five-headed hydra bites you!
You block the five-headed hydra's attack.
The five-headed hydra bites you but does no damage.
You block the five-headed hydra's attack.
The wall freezes the boulder beetle but does no damage.
The boulder beetle curls into a ball and begins rolling!
Casting: Freeze (safe; 1% risk of failure)
Confirm with . or Enter, or press ? or * to list all spells.
Aiming: Freeze (safe; 1% risk of failure)
Press: ? - help, Shift-Dir - straight line, f/p - five-headed hydra
Aim: a five-headed hydra (heavily wounded)
You feel a surge of power!
You freeze the five-headed hydra!
The five-headed hydra is severely wounded.
The five-headed hydra seems to slow down.
The wall freezes the five-headed hydra!
The five-headed hydra seems to slow down.
The five-headed hydra barely misses you.
You block the five-headed hydra's attack.
The five-headed hydra bites you. x2
You block the five-headed hydra's attack.
The wall freezes the boulder beetle but does no damage.
Casting: Freeze (safe; 1% risk of failure)
Confirm with . or Enter, or press ? or * to list all spells.
Aiming: Freeze (safe; 1% risk of failure)
Press: ? - help, Shift-Dir - straight line, f/p - five-headed hydra
Aim: a five-headed hydra (almost dead, slow)
You feel a surge of power!
You freeze the five-headed hydra.
The five-headed hydra is almost dead.
The wall freezes the boulder beetle but does no damage.
The boulder beetle hits you!!
The boulder beetle stops rolling and uncurls.
The wall freezes the five-headed hydra!
You kill the five-headed hydra!
Sif Muna accepts your kill.
You feel better.
The wall freezes the manticore.
Your Invocations skill increases to level 9!
The stone arrow hits the boulder beetle!
The boulder beetle is moderately wounded.
The wall freezes the boulder beetle but does no damage.
The boulder beetle barely misses you.
The wall freezes the manticore.
Casting: Stone Arrow (safe; 1% risk of failure)
Confirm with . or Enter, or press ? or * to list all spells.
You feel a surge of power! A chill wind blows around you.
The wall freezes the boulder beetle.
The boulder beetle barely misses you.
The wall freezes the manticore!
You block the manticore's attack. x3
You hit the boulder beetle but do no damage.
You freeze the boulder beetle!
The boulder beetle is heavily wounded.
The wall freezes the boulder beetle but does no damage.
The boulder beetle bites you but does no damage.
The wall freezes the manticore.
The manticore bites you but does no damage.
The manticore claws you. The manticore barely misses you.
Your ice beast hits the boulder beetle but does no damage.
The wall freezes the boulder beetle but does no damage.
The boulder beetle bites you but does no damage.
You hit the boulder beetle. You freeze the boulder beetle!
The boulder beetle is heavily wounded.
The wall freezes the manticore but does no damage.
The manticore bites you but does no damage.
The manticore closely misses you.
The manticore claws you but does no damage.
Your ice beast hits the boulder beetle but does no damage.
The wall freezes the boulder beetle.
The boulder beetle barely misses you.
You hit the boulder beetle but do no damage.
The boulder beetle is severely wounded.
The wall freezes the manticore!
The manticore bites you. The manticore claws you.
The manticore claws you but does no damage.
Your ice beast hits the boulder beetle but does no damage.
The wall freezes the boulder beetle but does no damage.
The boulder beetle bites your ice beast.
The wall freezes the manticore.
The manticore bites you. You block the manticore's attack.
The manticore claws you but does no damage.
You strike the helpless boulder beetle from behind!
You hit the boulder beetle but do no damage.
The boulder beetle is severely wounded.
Your ice beast hits the boulder beetle but does no damage.
The wall freezes the boulder beetle but does no damage.
The boulder beetle bites you!
The wall freezes the manticore!
You block the manticore's attack.
The manticore claws you but does no damage.
The manticore closely misses you.
Your ice beast hits the boulder beetle.
Your ice beast freezes the boulder beetle!!
You are too injured to fight recklessly!
Unknown command.
Casting: Summon Ice Beast (dangerous; 7% risk of failure)
Confirm with . or Enter, or press ? or * to list all spells.
Aiming: Stone Arrow (safe; 1% risk of failure)
Press: ? - help, Shift-Dir - straight line, f/p - boulder beetle
Aim: a boulder beetle (almost dead, ally target, 100% to hit)
The stone arrow hits the boulder beetle but does no damage.
The boulder beetle is almost dead.
The wall freezes the boulder beetle but does no damage.
You block the boulder beetle's attack.
The wall freezes the manticore!
You kill the manticore!
Sif Muna accepts your kill.
You feel better.
Your ice beast hits the boulder beetle but does no damage.
Casting: Stone Arrow (safe; 1% risk of failure)
Confirm with . or Enter, or press ? or * to list all spells.
Aiming: Stone Arrow (safe; 1% risk of failure)
Press: ? - help, Shift-Dir - straight line, f/p - boulder beetle
Aim: a boulder beetle (almost dead, ally target, 100% to hit)
The stone arrow hits the boulder beetle!!
You kill the boulder beetle!
Sif Muna accepts your kill.
* * * LOW MAGIC WARNING * * *
The frozen ramparts melt away.
Your icy armour starts to melt.
Your icy armour evaporates.
Your ice beast disappears in a puff of smoke!
Key pressed, stopping explore.
There is an open door here.
Things that are here:
a +0 shortbow; a +0 short sword
There is a shaft here.
Key pressed, stopping explore.
Casting: Stone Arrow (safe; 1% risk of failure)
Confirm with . or Enter, or press ? or * to list all spells.
You feel a surge of power! A chill wind blows around you.
You swap places.
Casting: Summon Ice Beast (dangerous; 7% risk of failure)
Confirm with . or Enter, or press ? or * to list all spells.
You feel a surge of power! A film of ice covers your body!
Rupert closely misses your ice beast.
Your ice beast hits Rupert but does no damage.
Casting: Ozocubu's Armour (safe; 1% risk of failure)
Confirm with . or Enter, or press ? or * to list all spells.
Casting: Frozen Ramparts (safe; 1% risk of failure)
Press: ? - help, Dir - look around, f - activate You feel a surge of power!
The walls around you are covered in ice.
Rupert resists.
The wall freezes Rupert.
Rupert roars wildly at you.
Your ice beast appears confused.
Unknown command.
Casting: Frozen Ramparts (safe; 1% risk of failure)
Confirm with . or Enter, or press ? or * to list all spells.
Casting: Hailstorm (mildly dangerous; 1% risk of failure)
Press: ? - help, Dir - look around, f - activate
Okay, then.
Aiming: Phantom Mirror
Press: ? - help, Dir - move target, f - Rupert
Aim: Rupert, wielding a +2 battleaxe of flaming and wearing a +2 leather armour of cold resistance (lightly wounded, ally target)
You reflect Rupert with the mirror!
The mirror clouds!
Rupert resists.
The wall freezes Rupert.
Rupert roars madly and goes into a rage!
Rupert goes berserk!
You hear a loud twanging sound.
An arrow appears from out of your range of vision.
The arrow barely misses your ice beast.
The arrow closely misses Rupert.
Okay, then.
Casting: Hailstorm (mildly dangerous; 1% risk of failure)
Confirm with . or Enter, or press ? or * to list all spells.
Casting: Hailstorm (mildly dangerous; 1% risk of failure)
Press: ? - help, Dir - look around, f - activate You feel a surge of power!
Really hailstorm near your ice beast?
Okay, then.
As you read the scroll of teleportation, it crumbles to dust.
You feel strangely unstable.
Rupert completely resists.
The wall freezes Rupert but does no damage.
You hear a loud twanging sound.
An arrow appears from out of your range of vision.
The arrow hits your ice beast!! The arrow melts your ice beast!
Casting: Hailstorm (mildly dangerous; 1% risk of failure)
Confirm with . or Enter, or press ? or * to list all spells.
Aiming: Stone Arrow (safe; 1% risk of failure)
Press: ? - help, Shift-Dir - straight line, f - Rupert
Aim: Rupert, wielding a +2 battleaxe of flaming and wearing a +2 leather armour of cold resistance (lightly wounded, berserk, ally target, 76% to hit)
The stone arrow misses Rupert.
Rupert resists.
The wall freezes Rupert.
Rupert resists.
The wall freezes Rupert.
You block Rupert's attack.
Rupert hits your ice beast with a +2 battleaxe of flaming!!
Rupert melts your ice beast.
Your ice beast dies!
Your ice beast disappears in a puff of smoke!
Casting: Stone Arrow (safe; 1% risk of failure)
Confirm with . or Enter, or press ? or * to list all spells.
Aiming: Stone Arrow (safe; 1% risk of failure)
Press: ? - help, Shift-Dir - straight line, f/p - Rupert
Aim: Rupert, wielding a +2 battleaxe of flaming and wearing a +2 leather armour of cold resistance (lightly wounded, berserk, ally target, 76% to hit)
The stone arrow hits Rupert!!
Rupert is moderately wounded.
Rupert resists.
The wall freezes Rupert.
You block Rupert's attack.
Rupert barely misses Rupert.
Nessos shouts, "I'm half human!
Half horse!
And all stone-cold KILLER!"
Rupert roars madly and goes into a rage!
Rupert goes berserk!
Casting: Stone Arrow (safe; 1% risk of failure)
Confirm with . or Enter, or press ? or * to list all spells.
Aiming: Stone Arrow (safe; 1% risk of failure)
Press: ? - help, Shift-Dir - straight line, f/p - Rupert
Aim: Rupert, wielding a +2 battleaxe of flaming and wearing a +2 leather armour of cold resistance (moderately wounded, berserk, ally target, 76% to hit)
The stone arrow hits Rupert!
Rupert is moderately wounded.
Your surroundings suddenly seem different.
Your icy armour cracks and falls away as you move.
The frozen ramparts melt away as you move. 4 vampire mosquitoes come into view.
The vampire mosquito buzzes angrily. x4; You hear a shout!
The vampire mosquito barely misses you. The vampire mosquito bites you.
The vampire mosquito bites you but does no damage.
The vampire mosquito bites you!
The vampire mosquito closely misses you.
You hear a shout!
Casting: Stone Arrow (safe; 1% risk of failure)
Confirm with . or Enter, or press ? or * to list all spells.
Casting: Frozen Ramparts (safe; 1% risk of failure)
Press: ? - help, Dir - look around, f - activate You feel a surge of power!
The walls around you are covered in ice.
The wall freezes the vampire mosquito.
You block the vampire mosquito's attack.
The wall freezes the vampire mosquito.
The vampire mosquito bites you but does no damage.
The wall freezes the vampire mosquito but does no damage.
The wall freezes the vampire mosquito.
The vampire mosquito closely misses you.
The wall freezes the vampire mosquito but does no damage.
The vampire mosquito bites you!
The wall freezes the vampire mosquito!
The vampire mosquito bites you.
The wall freezes the vampire mosquito.
A cyclops comes into view.
The wall freezes the vampire mosquito.
The vampire mosquito closely misses you.
Casting: Frozen Ramparts (safe; 1% risk of failure)
Confirm with . or Enter, or press ? or * to list all spells.
You feel a surge of power! A film of ice covers your body!
* * * LOW MAGIC WARNING * * *
The wall freezes the vampire mosquito but does no damage.
The vampire mosquito closely misses you.
The wall freezes the vampire mosquito.
You block the vampire mosquito's attack.
The wall freezes the vampire mosquito. x2
The vampire mosquito closely misses you.
The wall freezes the vampire mosquito!
You block the vampire mosquito's attack.
The wall freezes the vampire mosquito.
The vampire mosquito barely misses you.
The wall freezes the vampire mosquito. x2
The vampire mosquito bites you but does no damage.
The wall freezes the cyclops!
You barely miss the vampire mosquito.
The vampire mosquito is severely damaged.
The wall freezes the vampire mosquito.
You block the vampire mosquito's attack.
The wall freezes the vampire mosquito. x2
The vampire mosquito barely misses you.
The wall freezes the vampire mosquito.
The vampire mosquito bites you.
The wall freezes the vampire mosquito.
The vampire mosquito misses you.
The wall freezes the vampire mosquito. x2
You block the vampire mosquito's attack.
The wall freezes the vampire mosquito.
You block the vampire mosquito's attack.
The wall freezes the vampire mosquito.
The vampire mosquito bites you but does no damage.
The wall freezes the cyclops but does no damage.
You barely miss the vampire mosquito.
The vampire mosquito is almost destroyed.
The wall freezes the vampire mosquito.
You destroy the vampire mosquito!
Sif Muna accepts your kill.
The wall freezes the vampire mosquito. x2
You destroy the vampire mosquito!
Sif Muna accepts your kill.
The wall freezes the vampire mosquito.
You destroy the vampire mosquito!
Sif Muna accepts your kill.
The wall freezes the vampire mosquito.
The wall freezes the vampire mosquito!
You destroy the vampire mosquito!
Sif Muna accepts your kill.
Your icy armour and frozen ramparts will break if you move.
Continue? [Y]es or [N]o only, please.
Your icy armour and frozen ramparts will break if you move.
Continue?
Okay, then.
The wall freezes the cyclops!
You hear a shout!
The wall freezes the cyclops!
The wall freezes the cyclops!
The cyclops hits you!
You hit the cyclops but do no damage. You freeze the cyclops!
You kill the cyclops!
Sif Muna accepts your kill.
You hear a shout!
Your Armour skill increases to level 5!
No target in view!
You hear a shout!
The frozen ramparts melt away.
You hear a shout!
You hear a shout!
You hear a shout!
Your icy armour starts to melt.
Your icy armour evaporates.
Magic restored.
HP restored.
Things that are here:
5 large rocks; a vampire mosquito corpse Key pressed, stopping explore.
Nessos is nearby!
Nessos is nearby!
Casting: Ozocubu's Armour (safe; 1% risk of failure)
Confirm with . or Enter, or press ? or * to list all spells.
You feel a surge of power! A film of ice covers your body!
Nessos wields a +1 longbow of flaming.
It bursts into flame!
Nessos shoots an arrow.
The arrow hits you but does no damage.
Casting: Ozocubu's Armour (safe; 1% risk of failure)
Confirm with . or Enter, or press ? or * to list all spells.
Casting: Frozen Ramparts (safe; 1% risk of failure)
Press: ? - help, Dir - look around, f - activate You feel a surge of power!
The walls around you are covered in ice.
The wall freezes Nessos.
Nessos casts a spell.
Nessos seems to speed up.
The wall freezes Nessos but does no damage.
Nessos shoots an arrow.
The arrow hits you but does no damage.
The stone arrow hits Nessos!!
Nessos is moderately wounded.
The wall freezes Nessos. x2
Nessos unwields a +1 longbow of flaming.
It stops flaming.
You block Nessos's attack. Nessos barely misses you.
The stone arrow hits Nessos!!
Nessos is severely wounded.
The wall freezes Nessos.
Nessos gestures wildly while chanting.
Nessos blinks!
Nessos drinks a potion.
Nessos is healed!
The stone arrow hits the slime creature!
The slime creature is lightly wounded.
The wall freezes the slime creature.
The wall freezes the slime creature!
The slime creature hits you!
The wall freezes the slime creature.
Two slime creatures merge to form a large slime creature.
You hit the large slime creature.
The large slime creature is moderately wounded.
Nessos gestures wildly while chanting.
Nessos blinks!
The wall freezes the slime creature!
Two slime creatures merge to form a very large slime creature.
Casting: Stone Arrow (safe; 1% risk of failure)
Confirm with . or Enter, or press ? or * to list all spells.
Casting: Hailstorm (mildly dangerous; 1% risk of failure)
Press: ? - help, Dir - look around, f - activate You feel a surge of power!
A cannonade of hail descends around you!
The hail pelts Nessos!!
You kill Nessos!
Sif Muna accepts your kill.
You feel better.
The wall freezes the very large slime creature.
You block the very large slime creature's attack.
Unknown command.
Casting: Hailstorm (mildly dangerous; 1% risk of failure)
Confirm with . or Enter, or press ? or * to list all spells.
You feel a surge of power! A chill wind blows around you.
* * * LOW MAGIC WARNING * * *
The wall freezes the very large slime creature!
A very large slime creature splits.
You hit the large slime creature but do no damage.
You freeze the large slime creature.
The large slime creature is moderately wounded.
The frozen ramparts melt away.
The large slime creature misses you. You block the slime creature's attack.
You hit the large slime creature. You freeze the large slime creature.
The large slime creature is moderately wounded.
The large slime creature misses you.
The slime creature hits you but does no damage.
Your ice beast barely misses the slime creature.
You hit the large slime creature but do no damage.
You freeze the large slime creature!
The large slime creature is moderately wounded.
The large slime creature hits you!!
Your ice beast hits the slime creature.
Your ice beast freezes the slime creature!
The slime creature hits your ice beast!!
Two slime creatures merge to form a very large slime creature.
The stone arrow hits the slime creature!!
The slime creature is almost dead.
* * * LOW MAGIC WARNING * * *
Your ice beast barely misses the slime creature.
The slime creature barely misses you.
You barely miss the slime creature.
The slime creature is almost dead.
Your ice beast hits the slime creature.
Your ice beast freezes the slime creature!!
The slime creature dies!
Sif Muna accepts your kill.
The very large slime creature hits you!!!
* * * LOW HITPOINT WARNING * * *
Your icy armour will break if you move.
Continue?
The very large slime creature attacks as you move away!
The very large slime creature hits you!!!
You die...

.....# #)....><.....#
#.#### ######
#.....<∩..@......#...
#............#.# #...
#............#.# #...
#............# # #...
#)............. #...
#..############ #...
##.J## #... ##Y@## ####
##..#### ####...
##....# #.....# ####.#
###.##..# ########.#.#
#....#..#
#........#.####.##.#...
#.######........#..#.##
#.# #...##.###..#.##.##
#.# #.#.#.......#.##...


You could see a very large slime creature (ally target) and a friendly ice beast
(summoned).

Vanquished Creatures
  Nessos (D:13)
  Snorg (Lair:5)
  2 ogre magi (Orc:2)
  4 boulder beetles
  Erica (D:9)
  9 hydras
  4 centaur warriors (D:13)
  12 two-headed ogres
  2 death yaks
  A catoblepas (Lair:3)
  An orb spider (Lair:2)
  4 lindwurms
  A bog body (Lair:3)
  4 orc sorcerers
  3 orc knights
  2 cyclopes
  5 ugly things
  A manticore (D:13)
  5 elephants
  2 black mambas
  A smoke demon (Volcano)
  11 cane toads
  A gargoyle (D:12)
  2 kobold demonologists
  2 torpor snails
  An unseen horror (D:10)
  4 rime drakes
  8 komodo dragons
  5 trolls
  3 meliai (D:13)
  3 polar bears
  5 slime creatures
  2 dream sheep (Lair:5)
  2 hornets
  4 blink frogs (Lair:5)
  A vampire (D:9)
  4 wyverns
  2 wraiths
  40 yaks
  4 basilisks
  13 humans
  A redback (D:13)
  5 vampire mosquitoes (D:13)
  A steam dragon (Lair:2)
  5 wargs
  An acid dragon (D:12)
  A hell hound (Volcano)
  13 water moccasins
  A black bear (D:7)
  20 orc warriors
  21 ogres (Orc:2)
  21 wolves
  2 lemures (D:9)
  A phantom (D:5)
  3 centaurs
  12 bullfrogs
  7 kobold brigands
  4 scorpions
  18 wights
  4 killer bees (D:8)
  3 electric eels (D:5)
  6 howler monkeys
  3 hounds (D:5)
  4 jellies
  20 orc priests
  2 iguanas (D:6)
  3 iron imps (D:8)
  Ijyb (D:3)
  30 orc wizards
  Robin (D:3)
  A gnoll (D:1)
  2 adders
  A shadow imp (D:6)
  An ufetubus (D:7)
  A worm (D:4)
  5 dart slugs
  101 orcs
  6 endoplasms
  5 giant cockroaches
  9 hobgoblins
  45 kobolds
  2 ball pythons
  4 bats
  A frilled lizard (D:2)
  12 goblins
  2 rats
595 creatures vanquished.

Vanquished Creatures (collateral kills)
  A two-headed ogre (Orc:2)
  An ogre mage (Orc:2)
  2 death yaks (Lair:5)
  A troll (Orc:1)
  4 slime creatures (D:13)
  2 humans (D:13)
  2 ogres (Orc:2)
  An orc priest (Orc:2)
  2 orcs (Orc:1)
16 creatures vanquished.

Vanquished Creatures (others)
  9 fungi
  23 plants
  4 toadstools (D:1)
36 creatures vanquished.

Grand Total: 647 creatures vanquished

Notes
Turn   | Place    | Note
-------+----------+-------------------------------------------
     0 | D:1      | sleeves the Ghoul Ice Elementalist began the quest for the
                  | Orb.
     0 | D:1      | Reached XP level 1. HP: 14/14 MP: 2/2
   583 | D:1      | Reached XP level 2. HP: 20/20 MP: 1/3
   823 | D:1      | Reached skill level 5 in Ice Magic
  1386 | D:1      | Reached XP level 3. HP: 26/26 MP: 2/4
  2273 | D:2      | Learned a level 3 spell: Frozen Ramparts
  2951 | D:3      | Noticed Ijyb
  3162 | D:4      | Reached skill level 6 in Ice Magic
  3166 | D:4      | Reached XP level 4. HP: 33/33 MP: 0/5
  3801 | D:4      | Reached skill level 2 in Spellcasting
  4000 | D:5      | Entered Level 5 of the Dungeon
  4017 | D:5      | Noticed a phantom
  4226 | D:5      | Reached XP level 5. HP: 29/38 MP: 3/7
  4393 | D:5      | Found a transporter.
  4399 | D:5      | Found a transporter.
  4561 | D:5      | Learned a level 4 spell: Hailstorm
  4677 | D:5      | HP: 18/38 [hound (2)]
  4813 | D:5      | Reached skill level 1 in Conjurations
  4813 | D:5      | Reached XP level 6. HP: 43/45 MP: 3/9
  4850 | D:5      | Reached skill level 3 in Spellcasting
  5101 | D:5      | Reached skill level 7 in Ice Magic
  5216 | D:5      | HP: 20/45 [orc wizard/puff of flame (10)]
  5223 | D:5      | Reached skill level 2 in Conjurations
  5635 | D:5      | HP: 20/45 [phantom (5)]
  5640 | D:5      | HP: 11/45 [phantom (7)]
  5646 | D:5      | HP: 11/45 [phantom (6)]
  5659 | D:5      | HP: 12/45 [phantom (3)]
  5663 | D:5      | HP: 5/45 [phantom (2)]
  5669 | D:5      | Reached XP level 7. HP: 13/50 MP: 11/11
  6548 | D:6      | HP: 23/50 [orc wizard/+0 dagger (4)]
  6552 | D:6      | Reached skill level 4 in Spellcasting
  6745 | D:6      | HP: 25/50 [kobold brigand/+0 dagger (5)]
  6804 | D:6      | Reached skill level 3 in Conjurations
  7031 | D:6      | Reached skill level 8 in Ice Magic
  7031 | D:6      | Reached XP level 8. HP: 54/57 MP: 6/13
  7198 | D:3      | Killed Ijyb
  7355 | D:3      | Noticed Robin
  7371 | D:3      | Killed Robin
  7525 | D:3      | Found a faded altar of an unknown god.
  7827 | D:6      | Found a sacrificial altar of Ru.
  8885 | D:7      | Reached skill level 5 in Spellcasting
  8885 | D:7      | Reached skill level 4 in Conjurations
  9214 | D:7      | Reached skill level 9 in Ice Magic
  9442 | D:7      | Learned a level 3 spell: Stone Arrow
  9457 | D:7      | Reached skill level 1 in Earth Magic
  9457 | D:7      | Reached XP level 9. HP: 62/62 MP: 9/15
  9752 | D:7      | Reached skill level 2 in Earth Magic
  9884 | D:7      | Found a staircase to the Ecumenical Temple.
  9894 | Temple   | Entered the Ecumenical Temple
 10202 | Temple   | Became a worshipper of Sif Muna the Loreminder
 10325 | D:8      | Found a burning altar of Makhleb.
 10563 | D:8      | Noticed a cyclops
 10611 | D:8      | Learned a level 3 spell: Ozocubu's Armour
 10627 | D:8      | Killed a cyclops
 10628 | D:8      | Reached skill level 5 in Conjurations
 10628 | D:8      | Reached skill level 3 in Earth Magic
 10762 | D:8      | HP: 31/62 [centaur/arrow (6)]
 11039 | D:8      | Reached skill level 10 in Ice Magic
 11136 | D:8      | Noticed a hornet
 11139 | D:8      | Reached skill level 4 in Earth Magic
 11145 | D:8      | Killed a hornet
 11163 | D:8      | HP: 25/62 [wight/+0 scimitar (8)]
 11592 | D:8      | Found a staircase to the Lair.
 11604 | D:8      | Reached skill level 6 in Conjurations
 11604 | D:8      | Reached skill level 5 in Earth Magic
 11731 | D:8      | Reached XP level 10. HP: 65/69 MP: 12/16
 12468 | D:8      | Reached * piety under Sif Muna
 12473 | D:8      | Reached skill level 11 in Ice Magic
 13476 | D:9      | Reached skill level 7 in Conjurations
 13544 | D:9      | HP: 31/69 [vampire (6)]
 13549 | D:9      | Reached skill level 1 in Shields
 13680 | D:9      | HP: 34/69 [hornet (10)]
 13843 | D:9      | Noticed Erica
 13854 | D:9      | Killed Erica
 13854 | D:9      | Reached ** piety under Sif Muna
 13855 | D:9      | Reached skill level 2 in Shields
 14099 | D:9      | Reached skill level 3 in Shields
 14125 | D:8      | Reached skill level 12 in Ice Magic
 14287 | D:9      | Noticed Pikel
 14544 | D:9      | Reached XP level 11. HP: 74/74 MP: 10/17
 14848 | D:9      | Reached skill level 4 in Shields
 14958 | D:9      | Reached skill level 8 in Conjurations
 15489 | D:10     | Entered Level 10 of the Dungeon
 15621 | D:10     | HP: 32/74 [yak (7)]
 15883 | D:10     | Found a snail-covered altar of Cheibriados.
 16369 | D:11     | Reached *** piety under Sif Muna
 16631 | D:11     | Found a staircase to the Orcish Mines.
 16670 | D:11     | Noticed a sixfirhy
 16872 | D:11     | Noticed a two-headed ogre
 16879 | D:11     | Killed a two-headed ogre
 16880 | D:11     | Reached skill level 1 in Fighting
 16880 | D:11     | Reached skill level 5 in Shields
 17005 | D:11     | HP: 39/78 [wraith (3)]
 17200 | D:11     | Reached skill level 2 in Fighting
 17615 | D:12     | Reached skill level 13 in Ice Magic
 17787 | D:12     | Found Fasups's Assorted Antiques.
 17792 | D:12     | Identified a scroll of acquirement
 17798 | D:12     | Acquired 400 gold pieces
 17810 | D:12     | Found Ruexano's Jewellery Shoppe.
 17829 | D:12     | Reached skill level 3 in Fighting
 17992 | D:12     | Bought the ring "Hohu" {rF++ Int+6} for 847 gold pieces
 18149 | D:12     | Found Ahydd's Armour Shop.
 18309 | D:12     | Found a hide-covered altar of Uskayaw.
 18320 | D:12     | Reached **** piety under Sif Muna
 18444 | D:12     | Noticed a boulder beetle
 18556 | Lair:1   | Entered Level 1 of the Lair of Beasts
 18626 | Lair:1   | Reached skill level 9 in Conjurations
 18762 | Lair:1   | Reached XP level 12. HP: 91/91 MP: 12/19
 18939 | Lair:1   | Reached skill level 4 in Fighting
 19388 | Lair:1   | Reached skill level 6 in Spellcasting
 19786 | Lair:2   | Reached skill level 5 in Fighting
 20069 | Lair:2   | Found a dark tunnel.
 20076 | Volcano  | Entered a volcano
 20949 | Lair:2   | Reached skill level 6 in Fighting
 20949 | Lair:2   | Reached skill level 14 in Ice Magic
 21373 | Lair:2   | Reached skill level 7 in Spellcasting
 21572 | Lair:2   | Noticed a seven-headed hydra
 21580 | Lair:2   | Killed a seven-headed hydra
 21714 | Lair:2   | Noticed a death yak
 21724 | Lair:2   | HP: 43/97 [death yak (10)]
 22070 | Lair:2   | Reached skill level 10 in Conjurations
 22155 | Lair:2   | Killed a death yak
 22156 | Lair:2   | Reached skill level 7 in Fighting
 22156 | Lair:2   | Reached XP level 13. HP: 61/105 MP: 1/22
 22360 | Lair:2   | HP: 50/105 [polar bear (5)]
 22662 | Lair:2   | Found a hole to the Spider Nest.
 23630 | Lair:3   | Found a staircase to the Swamp.
 24033 | Lair:3   | Reached ***** piety under Sif Muna
 24688 | Lair:3   | Received a gift from Sif Muna
 24689 | Lair:3   | Reached skill level 8 in Fighting
 24689 | Lair:3   | Got Acytumal's Codex of Friendly Fascination {god gift}
 24695 | Lair:3   | Learned a level 4 spell: Summon Ice Beast
 25292 | Lair:4   | Reached skill level 8 in Spellcasting
 25452 | Lair:4   | Reached skill level 15 in Ice Magic
 25918 | Lair:4   | Found a viscous altar of Jiyva.
 25918 | Lair:4   | Found a staircase to the Slime Pits.
 26734 | Lair:5   | Entered Level 5 of the Lair of Beasts
 26753 | Lair:5   | Reached skill level 9 in Fighting
 27519 | Lair:5   | Noticed Snorg
 27525 | Lair:5   | Killed Snorg
 27526 | Lair:5   | Reached skill level 9 in Spellcasting
 27979 | Lair:5   | Reached skill level 10 in Fighting
 28148 | Lair:5   | Reached XP level 14. HP: 71/121 MP: 5/26
 28350 | Lair:5   | Reached skill level 10 in Spellcasting
 28350 | Lair:5   | Reached skill level 1 in Invocations
 28353 | Lair:5   | Learned a level 2 spell: Blink
 28501 | Lair:5   | Reached skill level 1 in Translocations
 28501 | Lair:5   | Reached skill level 2 in Invocations
 28553 | Lair:5   | Reached skill level 3 in Invocations
 28561 | Lair:5   | Reached skill level 2 in Translocations
 28610 | Lair:5   | HP: 59/121 [death yak (12)]
 29253 | Lair:5   | Identified the +5 arbalest "Cetab" {venom, rC+ rN+ Str-4
                  | Dex+4}
 29256 | Lair:5   | Identified the +0 helmet of a volcano {Will- rCorr Int+6}
 29477 | Orc:1    | Entered Level 1 of the Orcish Mines
 29481 | Orc:1    | Reached skill level 4 in Invocations
 29484 | Orc:1    | Reached skill level 3 in Translocations
 29671 | Orc:2    | Entered Level 2 of the Orcish Mines
 30276 | Orc:2    | Reached skill level 5 in Invocations
 30283 | Orc:2    | Reached skill level 4 in Translocations
 30295 | Orc:2    | Received a gift from Sif Muna
 30530 | Orc:2    | Reached skill level 6 in Invocations
 30972 | Orc:2    | Reached skill level 5 in Translocations
 31163 | Orc:2    | Reached skill level 2 in Dodging
 31346 | Orc:2    | Got Wopiqaph's Anthology of Cursed Congelation {god gift}
 31365 | Orc:2    | Reached skill level 1 in Armour
 31651 | Orc:2    | Reached skill level 7 in Invocations
 31948 | Orc:2    | Found Qoblaeg's Assorted Antiques.
 31948 | Orc:2    | Found Moyghisud's Weapon Boutique.
 31949 | Orc:2    | Found Otikuzok's Armour Boutique.
 31949 | Orc:2    | Found Piasir's Magic Scroll Emporium.
 32036 | Orc:2    | HP: 56/121 [two-headed ogre/+0 giant spiked club (12)]
 32039 | Orc:2    | Reached skill level 2 in Armour
 32192 | Orc:2    | Reached skill level 3 in Dodging
 32337 | Orc:2    | Paralysed by an ogre mage for 3 turns
 32643 | Orc:2    | Found a staircase to the Elven Halls.
 33522 | Orc:1    | Received a gift from Sif Muna
 33523 | Orc:1    | Got Sif Muna's Anthology of the Geometric Storm {god gift}
 33688 | Orc:2    | Bought a +1 pair of gloves of dexterity for 181 gold pieces
 33698 | Orc:2    | Bought a scroll of blinking for 127 gold pieces
 33698 | Orc:2    | Bought a scroll of teleportation for 51 gold pieces
 33763 | D:12     | Reached skill level 3 in Armour
 34137 | D:13     | Noticed Rupert
 34137 | D:13     | Noticed Nessos
 34137 | D:13     | Found a gate to the Vaults.
 34140 | D:13     | Reached XP level 15. HP: 101/126 MP: 19/28
 34147 | D:12     | Reached skill level 4 in Dodging
 34147 | D:12     | Reached skill level 8 in Invocations
 35137 | D:13     | Reached skill level 4 in Armour
 35520 | D:13     | Reached skill level 5 in Dodging
 36108 | D:13     | Reached skill level 9 in Invocations
 36290 | D:13     | Reached skill level 5 in Armour
 36478 | D:13     | Killed Nessos
 36484 | D:13     | HP: 46/126 [very large slime creature (48)]
 36485 | D:13     | Mangled by a very large slime creature

Illustrated notes

Levels and vault maps discovered:
D:1:      ldierk_walled_garden_2, layout_basic, chequers_serial_rivers_small_3
D:2:      layout_loops_ring, serial_co_window_serial, co_window_corner_a,
          co_window_cross_1, co_window_corner_a, co_window_paths_b,
          co_window_of_opportunity_a, co_window_2corner, co_window_cross_2,
          co_window_2corner, co_window_unsneaky_path_a, co_window_corner_ca,
          co_window_paths_d, glass_columns_a, glass_columns_a
D:3:      layout_basic, shapermc_ecumenical_altar_mp_ritualfount, uniq_ijyb,
          uniq_robin
D:4:      layout_loops_cross, glass_columns_b
D:5:      gammafunk_steamed_eel, layout_layer_cave
D:6:      layout_loops_ring, mainiacjoe_overflow_paths, minmay_door_square
D:7:      layout_layer_cave, minmay_temple_entry_proselytizer
D:8:      layout_basic, demons_altar, erik_lair_orcish_takeover,
          hangedman_decor_growths, dreamdust_deal_with_the_devil
D:9:      layout_stronghold, uniq_erica, uniq_pikel
D:10:     layout_rooms, kennysheep_slug_shrine, minmay_liquid_box
D:11:     layout_basic, hiddenorc2_lemuel
D:12:     layout_irregular_city, serial_shops, shop, nicolae_shop_crystal,
          kennysheep_mini_moat, minmay_misc_feat_x, st_stairs_13,
          nicolae_uskayaw_murder_on_the_dancefloor
D:13:     layout_basic, david_vaults_3, minmay_shattered_shrine
Temple:   compressed_dpeg_triangle_lava_temple
Lair:1:   layout_regular_city, grunt_megastairs_1, infiniplex_staircase_pool
Lair:2:   nzn_winding_woodlands_stair_cross
          [nzn_winding_woodlands_5x15_lazy_stream,
          nzn_winding_woodlands_center_triple_pond,
          nzn_winding_woodlands_5x15_cabin, nzn_winding_woodlands_hourglass,
          nzn_winding_woodlands_5x5_open_star,
          nzn_winding_woodlands_5x15_pathside_ponds,
          nzn_winding_woodlands_center_diamonds,
          nzn_winding_woodlands_5x15_river_crossing], layout_small_grid,
          nicolae_spider_entry_orb_guardian, nicolae_volcano_entry_hallway,
          nicolae_lair_lil_pond, serial_bayou_shore_b, serial_bayou_shore_b
Lair:3:   layout_roguey, skrybe_swamp_entry_bodies, infiniplex_staircase_pool_2,
          lemuel_fruit_tree
Lair:4:   layout_gridlike, minmay_slime_entry_pillars
Lair:5:   hangedman_lair_in_review, layout_layer_cave, uniq_snorg
Orc:1:    layout_caves
Orc:2:    st_orc_ogre_mass, layout_caves

Skill      XL: |  1  2  3  4  5  6  7  8  9 10 11 12 13 14 15 |
---------------+----------------------------------------------+-----
Ice Magic      | 5 6 7 8 9 10 12 13 14 15 | 15.0
Spellcasting   | 2 3 4 5 7 9 10 | 10.0
Conjurations   | 1 2 3 4 6 7 9 10 | 10.0
Earth Magic    | 1 5 |  5.0
Shields        | 3 5 |  5.0
Fighting       | 3 7 10 | 10.0
Invocations    | 7 9 |  9.2
Translocations | 5 |  5.0
Dodging        | 3 5 |  5.5
Armour         | 3 5 |  5.1
Stealth        | |  2.1

Action                   |  1- 3 |  4- 6 |  7- 9 | 10-12 | 13-15 || total
-------------------------+-------+-------+-------+-------+-------++-------
Melee: Unarmed           |    10 |       |       |       |       ||    10
       Staff             |    17 |    14 |    22 |    93 |   161 ||   307
       Short sword       |       |    40 |       |       |       ||    40
       Punch             |       |     1 |     2 |       |       ||     3
       Dagger            |       |       |    54 |     4 |       ||    58
       Club              |       |       |    10 |       |       ||    10
       Scimitar          |       |       |       |     7 |       ||     7
 Cast: Freeze            |    39 |    42 |    62 |    61 |    36 ||   240
       Frozen Ramparts   |       |     6 |    22 |    47 |    59 ||   134
       Hailstorm         |       |       |     4 |    20 |    28 ||    52
       Stone Arrow       |       |       |    29 |   166 |   328 ||   523
       Ozocubu's Armour  |       |       |     6 |    37 |    57 ||   100
       Summon Ice Beast  |       |       |       |       |    16 ||    16
Invok: Channel Magic     |       |       |       |       |     1 ||     1
Evoke: Wand              |       |       |     2 |    12 |     3 ||    17
       Phantom mirror    |       |       |       |       |     3 ||     3
  Use: Potion            |       |     5 |       |     1 |       ||     6
       Scroll            |       |       |       |    26 |     4 ||    30
 Stab: Sleeping          |     3 |       |     1 |     1 |       ||     5
       Distracted        |       |       |       |       |     2 ||     2
Armor: Robe              |     6 |    12 |    27 |    54 |       ||    99
       Ring mail         |       |       |       |    20 |   231 ||   251
Dodge: Dodged            |    25 |    40 |    94 |   151 |   192 ||   502
Block: Buckler           |       |       |       |    70 |   176 ||   246
